 Dungeon Crawl Stone Soup version 0.32-a0-12-g7fc57aa741 (webtiles) character file.

Game seed: 8650337331668659352

78 Xavori the Trooper (level 4, 0/36 (38) HPs)
             Began as a Djinni Chaos Knight on Jan 14, 2024.
             Was a Plaything of Xom.
             Slain by a gnoll
             ... wielding a +0 spear of chaos
              (4 damage)
             ... on level 2 of the Dungeon.
             The game lasted 00:01:34 (9624 turns).

Xavori the Trooper (Djinni Chaos Knight)            Turns: 9624, Time: 00:01:34

HP:   0/36 (38)     AC:  8    Str: 14 (15) XL:     4   Next: 61%
Gold: 100           EV: 10    Int: 12 (13) God:    Xom [*.....] SH:  0 Dex: 13

rFire   + + +        a - +0 falchion (chaos)
rCold   . . .        e - +0 kite shield
rNeg    . . .        b - +2 leather armour
rPois   ∞            (no helmet)
rElec   +            d - +2 cloak
rCorr   +            (no gloves)
SInv    .            (boots unavailable)
Will    +....        j - amulet of reflection
Stlth   +            (no ring)
HPRegen 0.26/turn    (no ring)
MPRegen 0.00/turn

%: reflection, infuse magic (-1 HP)
@: confused, resistant, flying, hasted and slowed, drained
A: sickness immunity, fire resistance 3, cold vulnerability 1, float, innate
caster, HP casting, extra vitality 1, deterioration 2, strong-willed 1, robust
1, strong 1
a: Renounce Religion


You were on level 2 of the Dungeon.
You worshipped Xom.
You were a special plaything of Xom.
You visited 1 branch of the dungeon, and saw 2 of its levels.

You collected 100 gold pieces.

Inventory:

Hand Weapons
 a - a +0 falchion of chaos (weapon)
Armour
 b - a +2 leather armour (worn)
 d - a +2 cloak (worn)
 e - a +0 kite shield (worn)
Jewellery
 g - a ring of fire
 j - an amulet of reflection (around neck)
Scrolls
 c - a scroll of butterflies
 f - a scroll of identify {unknown}
 h - a scroll of revelation {unknown}
 k - a scroll of enchant armour {unknown}
 l - a scroll of enchant weapon {unknown}


   Skills:
 + Level 3.3 Fighting
 + Level 3.0 Long Blades
 + Level 1.7 Armour
 + Level 2.7 Dodging
 + Level 1.1 Shields
 * Level 1.2 Spellcasting
 * Level 1.2 Conjurations
 * Level 1.2 Hexes
   Level 0.0 Charms
 * Level 1.2 Summonings
 * Level 1.2 Necromancy
 * Level 1.2 Translocations
   Level 0.0 Transmutations
 * Level 1.2 Fire Magic
 * Level 1.2 Ice Magic
 * Level 1.2 Air Magic
 * Level 1.2 Earth Magic
 * Level 1.2 Alchemy


You knew the following spells:

 Your Spells              Type           Power      Damage    Failure   Level
a - Freeze                Ice            12%        1d3       63%         1
Your spell library was empty.

Dungeon Overview and Level Annotations

Branches:
Dungeon (2/15)

Altars:


Innate Abilities, Weirdness & Mutations

You are immune to sickness and miasma.
You are immune to poison.
Your flesh is almost immune to the effects of heat. (rF+++)
You are vulnerable to cold. (rC-)
You float through the air rather than walking.
You learn spells naturally, not from books.
Your magical power is your life essence.
You have superior vitality. (+4 MHP)
Your body often deteriorates upon taking damage.
You are strong-willed. (Will+)
You are robust. (+10% HP)
Your muscles are strong. (Str +4, Int/Dex -1)


Message History

You hit the endoplasm.
You kill the endoplasm!
You block the gnoll's attack.
You slash the gnoll!
The gnoll seems to slow down.
The gnoll is severely wounded.
You block the gnoll's attack. The gnoll hits you but does no damage.
You hit the gnoll.
The gnoll is poisoned.
The gnoll is severely wounded.
The gnoll hits you from afar with a +0 spear of chaos.
Your body deteriorates!
You feel weakened.
You barely miss the gnoll.
The gnoll is severely wounded.
You block the gnoll's attack. The gnoll hits you but does no damage.
You block the gnoll's attack.
You closely miss the gnoll.
The gnoll is almost dead.
You kill the gnoll!
The gnoll hits you from afar with a +0 spear of chaos.
The gnoll barely misses you.
Items here: " $ ( ) ††.
You barely miss the gnoll.
The gnoll hits you with a +0 spear of chaos.
The gnoll freezes you. The gnoll hits you but does no damage.
You are confused.
You hit the gnoll.
The gnoll flies into a frenzy!
The gnoll is moderately wounded.
The gnoll hits you with a +0 spear of chaos.
The gnoll hits you with a +0 spear of chaos!
* * * LOW HITPOINT WARNING * * *
Your body deteriorates!
You feel dopey.
You feel yourself slow down.
Unknown command.
It was a potion of resistance.
You feel protected. The gnoll barely misses you.
The gnoll hits you but does no damage.
You feel yourself speed up.
You bump into the rock wall.
The gnoll hits you with a +0 spear of chaos.
You die...
Xom yawns loudly!

....... #..# ### #....# #..#
#.. ##.###.#..## #..# #.#
...........##### #..# #.#
........g......####..####.##
.#####.##g..........>......#
#. #.####.####..####.†# #.
#.####.####.†# #... #.
#.g@........†# ##.# #.
######.#####.# #.# #.
#.......# #.# .. #######.#
..# #.####.## #....#.#
####.#.# #.#.# #.#.#


You could see a neutral gnoll (fast, strong, frenzied).

Vanquished Creatures
  2 adders (D:2)
  2 gnolls (D:2)
  A dart slug (D:1)
  3 ball pythons
  5 endoplasms
  3 hobgoblins
  7 jackals
  A quokka (D:1)
  6 bats
  2 frilled lizards (D:1)
  2 goblins (D:1)
  2 rats (D:1)
36 creatures vanquished.

Notes
Turn   | Place    | Note
-------+----------+-------------------------------------------
     0 | D:1      | Xavori the Djinni Chaos Knight began the quest for the Orb.
     0 | D:1      | Reached XP level 1. HP: 20/20 MP: 0/0
    97 | D:1      | Reached XP level 2. HP: 25/25 MP: 0/0
   127 | D:1      | XOM: silly message
   178 | D:1      | XOM: divination: magic mapping
   256 | D:1      | XOM: silly message
   306 | D:1      | Reached XP level 3. HP: 30/30 MP: 0/0
   306 | D:1      | Learned a level 1 spell: Freeze
   689 | D:2      | Reached skill level 1 in Spellcasting
   689 | D:2      | Reached skill level 1 in Conjurations
   689 | D:2      | Reached skill level 1 in Hexes
   689 | D:2      | Reached skill level 1 in Summonings
   689 | D:2      | Reached skill level 1 in Necromancy
   689 | D:2      | Reached skill level 1 in Translocations
   689 | D:2      | Reached skill level 1 in Fire Magic
   689 | D:2      | Reached skill level 1 in Ice Magic
   689 | D:2      | Reached skill level 1 in Air Magic
   689 | D:2      | Reached skill level 1 in Earth Magic
   689 | D:2      | Reached skill level 1 in Alchemy
  1146 | D:1      | XOM: give mutations
  1146 | D:1      | Gained mutation: Your flesh is almost immune to the effects
                  | of heat. (rF+++) [Xom's mischief]
  1146 | D:1      | Gained mutation: You are strong-willed. (Will+) [Xom's
                  | mischief]
  1146 | D:1      | Gained mutation: You are robust. (+10% HP) [Xom's mischief]
  1404 | D:1      | XOM: give mutations
  1404 | D:1      | Gained mutation: Your body sometimes deteriorates upon
                  | taking damage. [Xom's mischief]
  1404 | D:1      | Gained mutation: Your mind is acute. (Int +4, Str/Dex -1)
                  | [Xom's mischief]
  1404 | D:1      | Gained mutation: Your body often deteriorates upon taking
                  | damage. [Xom's mischief]
  1705 | D:1      | XOM: give mutations
  1705 | D:1      | Gained mutation: You possess an exceptional clarity of
                  | mind. [Xom's mischief]
  1705 | D:1      | Gained mutation: You are highly strong-willed. (Will++)
                  | [Xom's mischief]
  3399 | D:1      | XOM: silly message
  3981 | D:1      | XOM: give mutations
  3981 | D:1      | Lost mutation: You are highly strong-willed. (Will++)
                  | [Xom's mischief]
  3981 | D:1      | Lost mutation: Your mind is acute. (Int +4, Str/Dex -1)
                  | [Xom's mischief]
  4137 | D:1      | XOM: divination: detect creatures
  4428 | D:1      | XOM: cloud trail
  4700 | D:1      | XOM: scenery: 1 doors close
  4845 | D:1      | XOM: summons 1 hostile demon
  5525 | D:1      | XOM: give mutations
  5525 | D:1      | Gained mutation: You are somewhat resistant to further
                  | mutation. [Xom's mischief]
  5525 | D:1      | Gained mutation: Your muscles are strong. (Str +4, Int/Dex
                  | -1) [Xom's mischief]
  5525 | D:1      | Lost mutation: You are somewhat resistant to further
                  | mutation. [Xom's mischief]
  5525 | D:1      | Lost mutation: You possess an exceptional clarity of mind.
                  | [Xom's mischief]
  5662 | D:1      | XOM: noise
  5721 | D:1      | XOM: summons 2 hostile demons
  5827 | D:2      | XOM: god gift: 42 gold pieces
  5833 | D:2      | XOM: god gift: short sword {god gift}
  6065 | D:1      | XOM is BORED!
  6114 | D:1      | XOM: silly message
  6281 | D:1      | XOM: draining
  6668 | D:1      | XOM: summons 2 hostile demons
  8069 | D:1      | XOM is BORED!
  8447 | D:1      | XOM: summons 2 hostile demons
  8943 | D:1      | XOM: noise
  9385 | D:1      | XOM: noise
  9495 | D:1      | XOM: summons 2 hostile demons
  9568 | D:2      | Reached XP level 4. HP: 31/33 MP: 0/0
  9598 | D:2      | Identified the amulet "Fecep" {Spirit Harm rC+ Str+2 Int-5}
  9613 | D:2      | Reached skill level 1 in Shields
  9613 | D:2      | XOM: chaos upgrade
  9624 | D:2      | Slain by a gnoll

Illustrated notes

Levels and vault maps discovered:
D:1:      co_arrival_random_square_maze, layout_loops_ring
D:2:      layout_loops_ring, serial_shops, shop

Skill      XL: |  1  2  3  4 |
---------------+-------------+-----
Spellcasting   | 1 |  1.2
Conjurations   | 1 |  1.2
Hexes          | 1 |  1.2
Summonings     | 1 |  1.2
Necromancy     | 1 |  1.2
Translocations | 1 |  1.2
Fire Magic     | 1 |  1.2
Ice Magic      | 1 |  1.2
Air Magic      | 1 |  1.2
Earth Magic    | 1 |  1.2
Alchemy        | 1 |  1.2
Long Blades    | 3 |  3.0
Shields        | 1 |  1.1
Fighting       | |  3.3
Armour         | |  1.7
Dodging        | |  2.7

Action                     |  1- 3 |  4- 6 || total
---------------------------+-------+-------++-------
  Melee: Falchion          |    91 |    15 ||   106
    Use: Potion            |       |     1 ||     1
 Armour: Leather armour    |    67 |    16 ||    83
  Dodge: Dodged            |    45 |     7 ||    52
  Block: Kite shield       |    51 |    14 ||    65

Table legend: (Time is in decaauts)
 A = Elapsed time spent in this place.
 B = Non-inter-level travel time spent in this place.
 C = Inter-level travel time spent in this place.
 D = Time resting spent in this place.
 E = Time spent auto-exploring this place.
 F = Levels seen in this place.
 G = Mean time per level.
                   A        B        C        D        E       F      G
               +--------+--------+--------+--------+--------+-----+--------+
         Total |   9669 |   9629 |     40 |   8760 |    563 |   2 | 4834.5 |
       Dungeon |   9669 |   9629 |     40 |   8760 |    563 |   2 | 4834.5 |
               +--------+--------+--------+--------+--------+-----+--------+

Top non-repeatable levels by time:
     D:1: 8706 daAuts
     D:2: 962 daAuts
